 Dungeon Crawl Stone Soup version 0.21.1-1-g345015f (webtiles) character file.

386 suicidejoker the Shooter (level 6, -1/42 HPs)
             Began as an Octopode Hunter on Apr 20, 2018.
             Slain by an iguana (13 damage)
             ... on level 4 of the Dungeon on Apr 21, 2018.
             The game lasted 00:10:42 (3532 turns).

suicidejoker the Shooter (Octopode Hunter)          Turns: 3532, Time: 00:10:43

Health: -1/42      AC:  1    Str: 14    XL:     6   Next: 78%
Magic:  6/6        EV: 15    Int: 13    God:
Gold:   141        SH:  0    Dex: 15    Spells: 5/5 levels left

rFire    + . .     SeeInvis .   o - +3 dagger
rCold    . . .     Gourm    .   (no shield)
rNeg     . . .     Faith    .   (helmet restricted)
rPois    .         Spirit   .   (no amulet)
rElec    .         Reflect  .   g - ring of stealth
rCorr    .         Harm     .   h - +3 ring of dexterity
MR       .....                  r - ring of protection from fire
Stlth    +++++.....             (no ring)
HPRegen  0.14/turn              (no ring)
MPRegen  0.10/turn              (no ring)
                                (no ring)
                                (no ring)

@: hasted, very quick
A: almost no armour, stealthy swim, amphibious, 8 rings, constrict 8, camouflage
1, gelatinous body 1
a: no special abilities


You were on level 4 of the Dungeon.
You were not hungry.

You visited 1 branch of the dungeon, and saw 4 of its levels.

You collected 141 gold pieces.

Inventory:

Hand Weapons
 a - a +1 shortbow
 b - a +0 short sword
 c - a cursed -2 dagger
 o - a +3 dagger (weapon)
 w - a +0 hunting sling
Missiles
 n - 31 stones (quivered)
 p - 14 poisoned needles
 v - 60 sling bullets
Jewellery
 g - a ring of stealth (left tentacle)
 h - a +3 ring of dexterity (right tentacle)
 r - a ring of protection from fire (on tentacle)
Wands
 t - a wand of polymorph (9)
Scrolls
 e - 8 scrolls of identify
 f - 5 scrolls of remove curse
 l - 3 scrolls of teleportation
 m - a scroll of blinking {unknown}
Potions
 i - a potion of mutation {unknown}
 j - a potion of flight {unknown}
 k - a potion of haste
 q - 3 potions of magic {unknown}
 s - a potion of cancellation {unknown}
Comestibles
 d - 5 rations


   Skills:
 + Level 3.5 Fighting
 * Level 5.8 Bows
 + Level 3.4 Dodging
 + Level 4.4 Stealth


You had 5 spell levels left.
You didn't know any spells.

Dungeon Overview and Level Annotations

Branches:
Dungeon (4/15)
 Temple: D:4-7

Altars:
Makhleb


Innate Abilities, Weirdness & Mutations

You cannot wear most types of armour.
You are very stealthy in the water. (Stealth+)
You are amphibious.
You can wear up to eight rings at the same time.
You can use your tentacles to constrict eight enemies at once.
Your skin changes colour to match your surroundings (Stealth+).
Your rubbery body absorbs attacks. (AC +1, EV +1)


Message History

The orc priest is almost dead.
You constrict the orc priest.
You kill the orc priest!
The iguana barely misses you.
You hit the iguana. Your grab misses the iguana.
Your squeeze misses the iguana.
The iguana is moderately wounded.
The iguana barely misses you.
You closely miss the iguana. Your grab misses the iguana.
Your squeeze misses the iguana.
The iguana is moderately wounded.
The iguana bites you!
* * * LOW HITPOINT WARNING * * *
You hit the iguana. You grab the iguana.
The iguana is moderately wounded.
You constrict the iguana, but do no damage.
The iguana barely misses you. The orc closely misses you.
It was a potion of haste.
You feel yourself speed up.
You constrict the iguana. The iguana bites you!
You die...

.### ...### #### #.... ..# #.#.
#...#########.###.....#######
#.#.........#@.....#....<..?#
.###.#..........lo....#(#.#.##.#
......)....###.#..(...#.. g.#
......<..#............## ?..g
>....).#.#.###.##.##."# .####
.......#.#.# #.# ..#..##.
.........#.# #.. ..# ..?
..<........# ### ..# .(
..###...#### ##


You could see an iguana and an orc.

Vanquished Creatures
  Duvessa (D:4)
  Dowan (D:4)
  An orc priest (D:4)
  Jessica (D:2)
  A worker ant (D:3)
  Robin (D:2)
  5 adders
  An ooze (D:3)
  2 worms
  2 leopard geckos (D:1)
  3 orcs
  3 giant cockroaches
  14 goblins
  11 hobgoblins
  15 jackals
  A ball python (D:1)
  7 bats
  4 frilled lizards
  5 kobolds
  7 rats
86 creatures vanquished.

Notes
Turn   | Place    | Note
-------+----------+-------------------------------------------
     0 | D:1      | suicidejoker the Octopode Hunter began the quest for the Orb.
     0 | D:1      | Reached XP level 1. HP: 14/14 MP: 1/1
   339 | D:1      | Reached XP level 2. HP: 19/19 MP: 2/2
   939 | D:1      | Reached XP level 3. HP: 24/24 MP: 3/3
  1554 | D:2      | Noticed Robin
  1817 | D:2      | Reached XP level 4. HP: 29/30 MP: 4/4
  1852 | D:2      | Noticed Jessica
  1858 | D:2      | Killed Jessica
  2234 | D:2      | Killed Robin
  2251 | D:2      | Reached XP level 5. HP: 36/36 MP: 5/5
  2479 | D:3      | Reached skill level 5 in Bows
  2583 | D:3      | Found a burning altar of Makhleb.
  3372 | D:4      | Noticed a phantom
  3401 | D:4      | Noticed Duvessa
  3403 | D:4      | Noticed Dowan
  3439 | D:4      | Killed Dowan
  3439 | D:4      | Reached XP level 6. HP: 42/42 MP: 6/6
  3453 | D:4      | Killed Duvessa
  3532 | D:4      | Slain by an iguana

Skill      XL: |  1  2  3  4  5  6 |
---------------+-------------------+-----
Stealth        | 2 3 4 |  4.4
Bows           | 5 |  5.8
Dodging        | 3 |  3.4
Fighting       | 3 |  3.5

Action                   |  1- 3 |  4- 6 || total
-------------------------+-------+-------++-------
Melee: Short sword       |    39 |    29 ||    68
       Constrict         |    13 |    11 ||    24
       Tentacles         |     4 |    10 ||    14
       Unarmed           |     1 |    25 ||    26
       Dagger            |       |     6 ||     6
 Fire: Shortbow          |    70 |    56 ||   126
Throw: Stone             |     1 |    50 ||    51
  Use: Scroll            |     2 |     3 ||     5
       Potion            |     2 |     2 ||     4
 Stab: Sleeping          |       |     3 ||     3
  Eat: Chunk             |     2 |     6 ||     8
Armor: Skin              |    15 |    61 ||    76
Dodge: Dodged            |    52 |    53 ||   105
